 Dungeon Crawl Stone Soup version 0.19-a0-975-gfff5315 (webtiles) character file.

288315 st0uf the Severer (level 21, -3/162 HPs)
             Began as a Formicid Fighter on July 10, 2016.
             Was a High Priest of Uskayaw.
             Slain by a frost giant
             ... wielding a +0 battleaxe of freezing
              (5 damage)
             ... on level 2 of the Vaults on July 13, 2016.
             The game lasted 04:28:39 (34750 turns).

st0uf the Severer (Formicid Fighter)               Turns: 34750, Time: 04:28:40

Health: -3/162     AC: 29    Str: 31    XL:     21   Next: 57%
Magic:  32/32      EV:  2    Int: 11    God:    Uskayaw [*****.]
Gold:   3089       SH:  0    Dex: 26    Spells: 0 memorised, 20 levels left

rFire  + + .     SeeInvis +     G - +8 battleaxe of Inquiry {chop, rF+ rC+ Int+2}
rCold  + + +     Gourm    .     V - +2 storm dragon armour "Estetonwey" {rElec rC+ MR+ Regen+ Dex+7}
rNeg   + + +     Faith    .     C - +5 shield {reflect}
rPois  ∞         Spirit   .     (helmet unavailable)
rElec  +         Dismiss  .     S - +2 cloak {rPois}
rCorr  .         Reflect  +     y - +1 pair of gloves "Yteum" {Str+8}
SustAt .         Harm     .     z - +0 pair of boots
MR     +++..                    s - amulet of regeneration
Stlth  ++++......               j - ring "Anej" {rC+ rN++}
                                b - ring of protection from fire

@: petrified, extremely resistant to hostile enchantments, stealthy
A: permanent stasis, dig shafts and tunnels, four strong arms, antennae 3,
hooves 1, agile 1, sense surroundings 1
a: Dig, Shaft Self, Stomp, Line Pass, Grand Finale, Renounce Religion
}: 2/15 runes: decaying, gossamer


You were on level 2 of the Vaults.
You worshipped Uskayaw.
Uskayaw was pleased with you.
You were very full.

You visited 8 branches of the dungeon, and saw 37 of its levels.
You also visited: Labyrinth.

You collected 4479 gold pieces.
You spent 1390 gold pieces at shops.

Inventory:

Hand Weapons
 p - the +6 flail "Hydrabane" {drain, rN++ Str+5 Dex-4}
   (You acquired it on level 15 of the Dungeon)

   A truly terrible weapon, it drains the life of those it strikes.
   It affects your strength (+5).
   It affects your dexterity (-4).
   It greatly protects you from negative energy.
 G - the +8 battleaxe of Inquiry (weapon) {chop, rF+ rC+ Int+2}
   (You took it off a deep elf knight on level 3 of the Elven Halls)

   It inflicts extra damage upon your enemies.
   It affects your intelligence (+2).
   It protects you from fire.
   It protects you from cold.
 W - a +5 broad axe of flaming
Armour
 y - the +1 pair of gloves "Yteum" (worn) {Str+8}
   (You found it on level 3 of the Elven Halls)

   It affects your strength (+8).
 z - a +0 pair of boots (worn)
 C - a +5 shield of reflection (worn)
 S - a +2 cloak of poison resistance (worn)
 V - the +2 storm dragon armour "Estetonwey" (worn) {rElec rC+ MR+ Regen+ Dex+7}
   (You found it in a labyrinth)

   It affects your dexterity (+7).
   It protects you from cold.
   It insulates you from electricity.
   It affects your resistance to hostile enchantments.
   It increases your rate of regeneration.
Rods
 a - a +6 iron rod (12/12)
   (You found it in a labyrinth)
 M - a +4 lightning rod (9/9)
   (You took it off a deep elf demonologist on level 3 of the Elven Halls)
 X - a +0 rod of clouds (10/10)
   (You bought it in a shop on level 2 of the Orcish Mines)
Jewellery
 b - a ring of protection from fire (left hand)
 c - the ring "Ryhedes" {rPois rC+ Int+4 Stlth+}
   (You took it off a minotaur in a labyrinth)

   [ring of poison resistance]

   It affects your intelligence (+4).
   It protects you from cold.
   It protects you from poison.
   It makes you more stealthy.
 j - the ring "Anej" (right hand) {rC+ rN++}
   (You found it on level 7 of the Dungeon)

   [ring of protection from cold]

   It protects you from cold.
   It greatly protects you from negative energy.
 q - an uncursed ring of protection from magic
 s - an amulet of regeneration (around neck)
 x - an uncursed ring of resist corrosion
 A - an uncursed ring of protection from fire
 D - an uncursed ring of flight
 K - an uncursed ring of protection from magic
 Y - the ring of Affuwniu {Wiz Int+3 Dex+4 Stlth+}
   (You took it off a deep elf elementalist on level 3 of the Elven Halls)

   [ring of wizardry]

   It improves your spell success rate.
   It affects your intelligence (+3).
   It affects your dexterity (+4).
   It makes you more stealthy.
 Z - a +4 amulet of reflection
Wands
 i - a wand of confusion (22/48)
 n - a wand of teleportation (4/9)
 t - a wand of teleportation (7/9)
 B - a wand of heal wounds (2/9)
 Q - a wand of lightning (4/15)
 T - a wand of digging (9/24)
Scrolls
 g - 11 scrolls of fog
 l - 4 scrolls of identify
 w - 3 scrolls of magic mapping
 J - 3 scrolls of summoning
 L - 5 scrolls of fear
 O - 17 scrolls of remove curse
 R - a scroll of enchant armour
Potions
 d - 4 potions of might
 e - 2 potions of heal wounds
 h - 4 potions of brilliance
 k - 7 potions of lignification
 o - 2 potions of flight
 u - 4 potions of agility
 v - 4 potions of magic
 F - a potion of cure mutation
 H - 14 potions of curing
 I - 2 potions of cancellation
 N - 5 potions of ambrosia
 P - 3 potions of resistance
 U - 3 potions of invisibility
Books
 m - a book of Spatial Translocations

   Spells                             Type                      Level
   a - Apportation                    Translocation                1
   b - Blink                          Translocation                2
   c - Shroud of Golubria             Charms/Translocation         2
   d - Portal Projectile              Translocation                3
   e - Teleport Other                 Translocation                3
   f - Passage of Golubria            Translocation                4
Comestibles
 f - 25 bread rations
 r - 2 beef jerkies
 E - 4 chunks of flesh


   Skills:
 + Level 13.1 Fighting
 + Level 19.3 Axes
 - Level 0.6(13.1) Maces & Flails
 + Level 19.0 Armour
 + Level 6.2 Dodging
 - Level 15.2 Stealth
 + Level 15.5 Shields
 + Level 15.1 Invocations
 * Level 6.1 Evocations


You had 20 spell levels left.
You didn't know any spells.

Dungeon Overview and Level Annotations

Branches:
Dungeon (15/15)            Temple (1/1) D:5            Lair (6/6) D:11
  Swamp (4/4) Lair:3       Spider (4/4) Lair:3        Slime (0/5) Lair:6
    Orc (2/2) D:10            Elf (3/3) Orc:2        Vaults (2/5) D:13
 Depths (0/5) D:15
  Crypt: Vaults:2-3

Altars:
Dithmenos
Elyvilon
Fedhas
Gozag
Makhleb
Nemelex Xobeh
Pakellas
Uskayaw
Xom
Yredelemnul
Jiyva

Shops:
D:11 =   Orc:2 (}(!

Portals:
Hell: Lair:6
Trove: Elf:1 (give 4 potions of resistance)


Innate Abilities, Weirdness & Mutations

You are under a permanent stasis effect.
You can dig through walls and to a lower floor.
Your four strong arms can wield two-handed weapons with a shield.
You have a pair of large antennae on your head. (SInv)
You have large cloven feet.
You are agile. (Dex +2)
You passively map a small area around you.


Message History

* * * LOW HITPOINT WARNING * * *
The sphinx mumbles some strange words.
You resist with almost no effort.
The phantasmal warrior blinks!
The frost giant hits you but does no damage.
You feel less confused.
The ice dragon is no longer petrified.
The sphinx stops moving altogether!
The war gargoyle hits you with a morningstar of freezing.
The catoblepas gores you!!
* * * LOW HITPOINT WARNING * * *
The black draconian hits you from afar with a glaive!
* * * LOW HITPOINT WARNING * * *
The frost giant hits you with a battleaxe of freezing!
* * * LOW HITPOINT WARNING * * *
The vault sentinel blows a loud note on a signal horn!
The phantasmal warrior blinks!
The sphinx is no longer petrified.
The war gargoyle hits you but does no damage.
The catoblepas gores you but does no damage.
The frost giant hits you with a battleaxe of freezing!
You die...

* , .........#..##.....# *,
..........#..##.....# , ,
..........#.)##.....######
..........#.).#...........
,
..........#.))'...........
.........W#.)##...........
*
.......dDd#..##...........
#
......pD9C#..##.....######
#*
.....p)HH@#..##.....#.....
#
........YCC..##.....#.....
#*
........HC#.W##.....'.....
#
..........#..##.....#.....
#
,..........#..##...).#.....
# *
+###+###+##..##.....#.....
# , , , , #..##.....######
# * #..##........... # ,, *
* ..##...........


You could see a storm dragon, 2 frost giants, a black draconian, a red draconian
(petrified), an ice dragon, 3 sphinxes, a stone giant (petrified), a catoblepas,
an ettin, a war gargoyle, a vault sentinel, a phantasmal warrior, an ironbrand
convoker (petrified) and a freezing wraith.

Vanquished Creatures
  the Lernaean hydra (Swamp:4)
  Saint Roka (Elf:2)
  Nikola (Swamp:1)
  A deep elf master archer (Elf:2)
  Frances (Elf:1)
  2 deep elf blademasters
  The ghost of Scytalen the Warrior, an adept DrTm of Dithmenos (Spider:1)
  Gastronok (D:8)
  Kirke (D:15)
  3 thorn hunters
  A fire giant (Vaults:1)
  A vault warden (Vaults:2)
  8 deep elf sorcerers (Elf:3)
  5 emperor scorpions
  4 ghost moths
  5 deep elf elementalists (Elf:3)
  2 stone giants (Vaults:2)
  3 ironheart preservers (Vaults:1)
  An entropy weaver (Spider:1)
  10 deep elf annihilators
  A dire elephant (Lair:6)
  7 deep elf demonologists
  Azrael (D:13)
  A black draconian (Vaults:2)
  A spark wasp (Spider:2)
  Snorg (Orc:1)
  Josephine (Orc:1)
  A minotaur (Lab)
  6 deep elf death magi
  A deep elf high priest (Elf:1)
  A fire dragon (D:15)
  3 yaktaur captains
  Erolcha (D:13)
  Harold (Lair:4)
  7 vault guards
  2 ice dragons
  18 hydras
  2 ghost crabs
  2 catoblepae
  4 centaur warriors
  A death knight (D:15)
  A queen ant (Lair:2)
  27 dancing weapons
  6 alligators
  2 large abominations
  A tengu warrior (D:15)
  5 orc high priests (Orc:2)
  Urug (Lair:2)
  5 ogre magi
  17 deep elf knights
  Nergalle (Lair:3)
  Sonja (D:13)
  A fire crab (Lair:6)
  15 swamp dragons
  2 wizards
  15 deep elf archers
  5 hill giants
  2 harpies (D:12)
  69 deep elf magi
  8 orc knights
  9 ugly things
  A shambling mangrove (Swamp:3)
  16 orb spiders
  21 wolf spiders
  An oklob plant (D:9)
  An orc sorcerer (Orc:1)
  2 manticores
  2 moths of wrath
  A faun (shapeshifter) (Elf:3)
  3 griffons
  6 hornets
  4 cyclopes
  An octopode (shapeshifter) (D:14)
  A sixfirhy (Lair:6)
  A smoke demon (Lair:6)
  14 elephants
  6 black mambas
  4 vault sentinels
  10 spiny frogs
  2 gargoyles
  An orange demon (Lair:6)
  12 komodo dragons
  3 centaur skeletons
  A rime drake (shapeshifter) (Elf:2)
  5 demonic crawlers
  3 ice devils (Lair:6)
  3 rime drakes
  4 yaktaurs
  4 freezing wraiths
  A hellwing (Lair:6)
  A jumping spider (shapeshifter) (Elf:3)
  A queen bee (Lair:3)
  16 jumping spiders
  12 two-headed ogres
  3 trolls
  5 red devils (Lair:6)
  4 giant leeches
  A boulder beetle (Vaults:1)
  4 bog bodies
  18 blink frogs
  27 slime creatures
  A harpy skeleton (D:14)
  6 spriggans
  2 water elementals
  31 redbacks
  3 shadows
  17 tarantellas
  2 air elementals
  8 wyverns
  6 wraiths
  5 humans (D:15)
  24 yaks
  A golden eye (Lair:6)
  9 fire elementals
  2 hungry ghosts
  6 basilisks
  14 hippogriffs
  11 vampire mosquitoes
  Menkaure (D:5)
  2 mottled dragons
  8 insubstantial wisps
  4 wargs
  10 soldier ants
  A swamp worm (Swamp:1)
  12 water moccasins
  3 hell hounds
  6 ice beasts
  41 orc warriors
  10 porcupines
  3 sky beasts
  15 swamp drakes
  2 black bears
  9 wasps
  A necrophage (D:9)
  2 phantoms
  An eye of draining (D:14)
  10 wolves
  26 ogres
  2 centaurs (D:8)
  9 crocodiles
  2 big kobolds
  19 giant frogs
  2 gnoll sergeants
  6 scorpions
  32 killer bees
  5 wights (D:11)
  5 howler monkeys
  7 crimson imps
  A giant frog zombie (D:14)
  A quasit (D:5)
  3 centaur zombies
  8 hounds
  43 orc priests
  2 giant frog skeletons (D:13)
  3 jellies
  5 iguanas
  29 orc wizards
  Jessica (D:2)
  39 worker ants
  20 sheep
  A giant frog simulacrum (D:13)
  3 hound skeletons
  A worker ant zombie (D:8)
  Robin (D:4)
  17 gnolls
  12 adders
  A howler monkey skeleton (D:9)
  34 river rats
  6 shadow imps
  3 adder skeletons
  2 worms
  3 dart slugs
  3 giant geckos
  111 orcs
  6 bats
  9 giant cockroaches
  11 hobgoblins
  5 jackals
  19 kobolds
  5 quokkas
  2 ball pythons (D:1)
  A giant gecko zombie (D:6)
  6 giant newts
  18 goblins
  12 rats
  6 briar patches
  4 crawling corpses (Elf:3)
  4 fungi
  7 plants
  2 toadstools (Swamp:3)
1409 creatures vanquished.

Vanquished Creatures (collateral kills)
  A deep elf annihilator (Elf:1)
  2 deep elf magi (Elf:1)
  A cyclops (D:11)
  3 killer bees (D:11)
  A bat (D:11)
8 creatures vanquished.

Vanquished Creatures (others)
  A deep elf master archer (Elf:3)
  Nessos (D:13)
  A deep elf high priest (Elf:1)
  A yaktaur captain (Vaults:1)
  A deep elf knight (Elf:1)
  4 deep elf archers
  A harpy (D:12)
  A cyclops (D:11)
  A slime creature (Swamp:1)
  A wasp (Swamp:2)
  A centaur (D:12)
  3 briar patches (Swamp:1)
  A crawling corpse (Elf:3)
  30 fungi
  13 plants
  6 toadstools (Swamp:3)
67 creatures vanquished.

Grand Total: 1484 creatures vanquished

Notes
Turn   | Place    | Note
-------+----------+-------------------------------------------
     0 | D:1      | st0uf the Formicid Fighter began the quest for the Orb.
     0 | D:1      | Reached XP level 1. HP: 18/18 MP: 1/1
    47 | D:1      | Reached XP level 2. HP: 8/24 MP: 2/2
   480 | D:1      | Reached XP level 3. HP: 29/29 MP: 3/3
   764 | D:2      | Noticed Jessica
   773 | D:2      | Killed Jessica
   773 | D:2      | Reached XP level 4. HP: 23/35 MP: 2/4
  1591 | D:3      | Reached XP level 5. HP: 28/41 MP: 3/5
  2263 | D:4      | Reached skill level 1 in Dodging
  2299 | D:4      | Reached XP level 6. HP: 48/48 MP: 6/6
  2340 | D:4      | Reached skill level 5 in Shields
  2610 | D:4      | Noticed Robin
  2663 | D:4      | Killed Robin
  2691 | D:4      | Found a basalt altar of Yredelemnul.
  2692 | D:4      | Found an oddly glowing altar of Pakellas.
  2694 | D:4      | Found a shadowy altar of Dithmenos.
  2752 | D:4      | Reached XP level 7. HP: 54/54 MP: 7/7
  3738 | D:5      | Entered Level 5 of the Dungeon
  3743 | D:5      | Noticed Menkaure
  3754 | D:5      | Killed Menkaure
  3754 | D:5      | Reached skill level 5 in Axes
  3959 | D:5      | Reached skill level 5 in Armour
  4003 | D:5      | Reached XP level 8. HP: 15/61 MP: 3/8
  4701 | D:5      | Found a staircase to the Ecumenical Temple.
  4717 | Temple   | Entered the Ecumenical Temple
  4726 | Temple   | Became a worshipper of Uskayaw the Reveler
  4743 | D:5      | Found an opulent altar of Gozag.
  4806 | D:5      | Reached * piety under Uskayaw
  4812 | D:5      | Reached ** piety under Uskayaw
  5073 | D:5      | Reached skill level 1 in Invocations
  5430 | D:6      | Reached XP level 9. HP: 34/67 MP: 8/10
  5432 | D:6      | Reached skill level 5 in Fighting
  5432 | D:6      | Reached skill level 1 in Stealth
  5432 | D:6      | Reached *** piety under Uskayaw
  5750 | D:6      | Found a sparkling altar of Nemelex Xobeh.
  6460 | D:7      | Noticed a brown ugly thing
  6482 | D:6      | You fall through a shaft for 3 floors!
  6581 | D:8      | Reached **** piety under Uskayaw
  6852 | D:8      | Noticed Gastronok
  6869 | D:8      | Killed Gastronok
  6869 | D:8      | Reached skill level 5 in Invocations
  6869 | D:8      | Reached XP level 10. HP: 17/76 MP: 3/13
  7577 | D:7      | Got a brightly glowing golden ring
  8461 | D:9      | Reached skill level 10 in Axes
  8463 | D:9      | Reached XP level 11. HP: 73/83 MP: 13/15
  8463 | D:9      | Reached ***** piety under Uskayaw
  8695 | D:9      | Found a blossoming altar of Fedhas.
  8718 | D:9      | Noticed an oklob plant
  8800 | D:9      | Killed an oklob plant
  8800 | D:9      | Reached skill level 5 in Stealth
  9111 | D:10     | Entered Level 10 of the Dungeon
  9440 | D:10     | Found a staircase to the Orcish Mines.
  9530 | D:10     | Identified the ring "Anej" {rC+ rN++} (You found it on level 7 of the Dungeon)
  9885 | D:10     | Noticed a hill giant
  9896 | D:10     | Killed a hill giant
 10229 | D:10     | You fall through a shaft!
 10329 | D:10     | Noticed a hill giant
 10346 | D:10     | Killed a hill giant
 10535 | D:11     | Noticed a red ugly thing
 10560 | D:11     | Killed a red ugly thing
 10796 | D:11     | Found Tifupsoi's Jewellery Shop.
 10801 | D:11     | Bought a +4 amulet of reflection for 275 gold pieces
 10810 | D:11     | Noticed a hill giant
 10824 | D:11     | Noticed a cyclops
 10824 | D:11     | Killed a hill giant
 10824 | D:11     | Reached XP level 12. HP: 87/91 MP: 17/17
 10849 | D:11     | Found a staircase to the Lair.
 11364 | D:12     | Reached skill level 1 in Evocations
 11507 | D:12     | Noticed a catoblepas
 11549 | D:12     | Killed a catoblepas
 11555 | D:12     | Reached skill level 10 in Shields
 13491 | D:13     | Noticed Azrael
 13822 | D:13     | Found a gate to the Vaults.
 13822 | D:13     | Noticed a vault guard
 13842 | D:13     | Killed a vault guard
 13855 | D:13     | Found a labyrinth entrance.
 13865 | Lab      | Entered a labyrinth
 14115 | Lab      | Noticed a minotaur
 14126 | Lab      | Killed a minotaur
 14126 | Lab      | Reached XP level 13. HP: 67/98 MP: 19/19
 14128 | Lab      | Got a warped golden ring
 14130 | Lab      | Identified the ring "Ryhedes" {rPois rC+ Int+4 Stlth+} (You took it off a minotaur in a labyrinth)
 14163 | Lab      | Identified 2 scrolls of acquirement
 14187 | Lab      | Got a polished storm dragon armour
 14193 | Lab      | Identified the +2 storm dragon armour "Estetonwey" {rElec rC+ MR+ Regen+ Dex+7} (You found it in a labyrinth)
 14333 | Lair:1   | Entered Level 1 of the Lair of Beasts
 14755 | Lair:1   | Noticed an eight-headed hydra
 14764 | Lair:1   | Killed a five-headed hydra
 15262 | Lair:2   | Reached ****** piety under Uskayaw
 15428 | Lair:2   | Noticed Urug
 15439 | Lair:2   | Killed Urug
 15544 | Lair:2   | Noticed an eight-headed hydra
 15552 | Lair:2   | Killed a three-headed hydra
 15552 | Lair:2   | Reached skill level 10 in Invocations
 16088 | Lair:3   | Found a staircase to the Swamp.
 16094 | Lair:3   | Noticed an eight-headed hydra
 16108 | Lair:3   | Noticed Nergalle
 16112 | Lair:3   | Killed a three-headed hydra
 16118 | Lair:3   | Killed Nergalle
 16132 | Lair:3   | Reached XP level 14. HP: 81/106 MP: 21/21
 16525 | Lair:3   | Found a hole to the Spider Nest.
 17236 | Lair:4   | Noticed Harold
 17262 | Lair:4   | Killed Harold
 18087 | Lair:5   | Reached skill level 10 in Stealth
 18858 | Lair:6   | Entered Level 6 of the Lair of Beasts
 18914 | Lair:6   | Got an ancient scimitar
 19092 | Lair:6   | Reached XP level 15. HP: 114/114 MP: 23/23
 19204 | Lair:6   | Found a burning altar of Makhleb.
 19325 | Lair:6   | Found a gateway to Hell.
 19332 | Lair:6   | Reached skill level 15 in Axes
 19830 | Lair:6   | Found a viscous altar of Jiyva.
 19831 | Lair:6   | Found a staircase to the Slime Pits.
 20311 | Lair:1   | Identified the cursed +0 scimitar "Ihain" {slice, +Fly} (You found it on level 6 of the Lair of Beasts)
 20321 | Lair:1   | Gained mutation: You passively map a small area around you. [potion of beneficial mutation]
 20484 | D:13     | Reached skill level 10 in Fighting
 20596 | D:13     | Killed Azrael
 21053 | D:13     | Noticed Nessos
 21064 | D:13     | Killed Nessos
 21080 | D:13     | Noticed Erolcha
 21083 | D:13     | Killed Erolcha
 21340 | D:13     | Noticed Sonja
 21359 | D:13     | Killed Sonja
 21995 | D:14     | Gained mutation: You have large cloven feet. [potion of beneficial mutation]
 22039 | D:15     | Entered Level 15 of the Dungeon
 22219 | D:15     | Reached XP level 16. HP: 116/123 MP: 25/25
 22262 | D:15     | Got a slimy flail
 22263 | D:15     | Identified the +6 flail "Hydrabane" {drain, rN++ Str+5 Dex-4} (You acquired it on level 15 of the Dungeon)
 22341 | D:15     | Found a staircase to the Depths.
 22497 | D:15     | Noticed Kirke
 22509 | D:15     | Killed Kirke
 22713 | D:15     | Reached skill level 10 in Armour
 23165 | Orc:1    | Entered Level 1 of the Orcish Mines
 23237 | Orc:1    | Noticed Josephine
 23270 | Orc:1    | Killed Josephine
 23679 | Orc:1    | Noticed Snorg
 23712 | Orc:1    | Killed Snorg
 23760 | Orc:2    | Entered Level 2 of the Orcish Mines
 23993 | Orc:2    | Found a staircase to the Elven Halls.
 24370 | Orc:2    | Found Othrunwur's Distillery.
 24370 | Orc:2    | Found Fifudd's Antique Weapon Emporium.
 24371 | Orc:2    | Found Sukew's Gadget Shoppe.
 24371 | Orc:2    | Found Jopaple's Weapon Emporium.
 24710 | Spider:1 | Entered Level 1 of the Spider Nest
 24814 | Spider:1 | Noticed Scytalen's ghost (adept DrTm)
 24846 | Spider:1 | Killed Scytalen's ghost
 25068 | Spider:2 | Reached skill level 5 in Dodging
 25316 | Spider:2 | Reached XP level 17. HP: 130/130 MP: 26/26
 25548 | Spider:4 | Entered Level 4 of the Spider Nest
 26478 | Spider:4 | Got a gossamer rune of Zot
 26898 | Orc:2    | Bought a potion of heal wounds for 70 gold pieces
 26898 | Orc:2    | Bought a potion of heal wounds for 70 gold pieces
 26899 | Orc:2    | Bought a +0 rod of clouds (10/10) for 975 gold pieces
 26951 | Elf:1    | Entered Level 1 of the Elven Halls
 27073 | Elf:1    | Noticed Frances
 27096 | Elf:1    | Killed Frances
 27096 | Elf:1    | Reached XP level 18. HP: 138/138 MP: 28/28
 27149 | Elf:1    | Got an ebony morningstar {crush}
 27152 | Elf:1    | Identified the cursed +0 morningstar of Foolhardiness {crush, Str+3} (You took it off a deep elf mage on level 1 of the Elven Halls)
 27489 | Elf:1    | Found a portal to a secret trove of treasure.
 27584 | Elf:1    | Got an iridescent quarterstaff
 27585 | Elf:1    | Identified the +6 quarterstaff of Courage {crush, +Blink rN+} (You found it on level 1 of the Elven Halls)
 28430 | Elf:2    | Found a runed gate.
 28430 | Elf:2    | Found a runed gate.
 28438 | Elf:2    | Found a runed gate.
 28905 | Elf:2    | Noticed Saint Roka
 28929 | Elf:2    | Killed Saint Roka
 29042 | Elf:2    | Reached skill level 15 in Invocations
 29059 | Elf:2    | Reached XP level 19. HP: 84/146 MP: 17/30
 29417 | Elf:3    | Entered Level 3 of the Elven Halls
 30191 | Elf:3    | Reached skill level 15 in Shields
 30479 | Elf:3    | Noticed a deep elf blademaster
 30482 | Elf:3    | Noticed a deep elf blademaster
 30497 | Elf:3    | Killed a deep elf blademaster
 30500 | Elf:3    | Noticed a Tzitzimitl
 30532 | Elf:2    | Killed a deep elf blademaster
 30741 | Elf:3    | Noticed a Brimstone Fiend
 30775 | Elf:3    | Reached skill level 15 in Stealth
 30862 | Elf:3    | Reached skill level 5 in Evocations
 30917 | Elf:3    | Reached XP level 20. HP: 141/155 MP: 31/31
 31028 | Elf:3    | Got a shimmering jade ring
 31029 | Elf:3    | Identified the ring "Azek" {rN+ Str-4 Dex+5} (You took it off a deep elf annihilator on level 3 of the Elven Halls)
 31053 | Elf:3    | Got a smoking battleaxe {chop}
 31053 | Elf:3    | Got a scintillating copper amulet
 31061 | Elf:3    | Identified the +8 battleaxe of Inquiry {chop, rF+ rC+ Int+2} (You took it off a deep elf knight on level 3 of the Elven Halls)
 31068 | Elf:3    | Identified the amulet "Oblal" {Spirit MP+9 Str-3 SInv Stlth+} (You took it off a deep elf knight on level 3 of the Elven Halls)
 31271 | Elf:3    | Got a serpentine steel ring
 31272 | Elf:3    | Gained mutation: You are agile. (Dex +2) [potion of beneficial mutation]
 31273 | Elf:3    | Identified the ring of Xifiuvei {EV+1 Int+2} (You took it off a deep elf death mage on level 3 of the Elven Halls)
 31287 | Elf:3    | Noticed a Tzitzimitl
 31326 | Elf:3    | Noticed a Tzitzimitl
 31335 | Elf:3    | Got a fine iron ring
 31434 | Elf:3    | Got a pair of distressingly furry gloves
 31435 | Elf:3    | Identified the +1 pair of gloves "Yteum" {Str+8} (You found it on level 3 of the Elven Halls)
 31519 | Elf:3    | Upgraded the game from 0.19-a0-957-gf4ea323 to 0.19-a0-975-gfff5315
 31550 | Elf:3    | Identified the ring of Affuwniu {Wiz Int+3 Dex+4 Stlth+} (You took it off a deep elf elementalist on level 3 of the Elven Halls)
 31814 | Swamp:1  | Entered Level 1 of the Swamp
 31909 | Swamp:1  | Noticed Nikola
 31937 | Swamp:1  | Killed Nikola
 32477 | Swamp:3  | Reached skill level 15 in Armour
 32597 | Swamp:4  | Entered Level 4 of the Swamp
 32611 | Swamp:4  | Found a shimmering altar of Xom.
 32911 | Swamp:4  | Noticed the 27-headed Lernaean hydra
 32940 | Swamp:4  | Killed the 22-headed Lernaean hydra
 33047 | Swamp:4  | Got a decaying rune of Zot
 33387 | Vaults:1 | Entered Level 1 of the Vaults
 33438 | Vaults:1 | Reached XP level 21. HP: 162/162 MP: 32/32
 34749 | Vaults:2 | HP: 1/162 [frost giant/battleaxe of freezing (8)]
 34750 | Vaults:2 | Slain by a frost giant

Vault maps used:
D:1:      mrwooster_arrival_arrow
D:2:      serial_curves, eino_curves_04, eino_curves_03,
          kennysheep_generic_room_16, uniq_jessica
D:3:      first_bread, nrook_loot_triangle
D:4:      grunt_temple_overflow_open, kennysheep_dice, uniq_robin
D:5:      serial_bayou_pond_d, nicolae_gozag_cash_rules_everything_around_me,
          uniq_menkaure
D:6:      nemelex_xobeh_ov_fountains_minmay
D:7:      kennysheep_six_static_rooms, the_bakery, minmay_three_doors
D:8:      uniq_gastronok
D:9:      tgw_fedhas
D:10:     hiddenorc1_lemuel
D:11:     due_lair_maze_entry_diamond, serial_shops, nicolae_shop_trees
D:12:     argonaut_gorgonesque
D:13:     david_vaults_5, lab_entry_generic, uniq_erolcha, uniq_nessos,
          uniq_sonja, uniq_azrael
D:15:     grunt_enter_depths_hoard, minmay_crystal_water, uniq_kirke
Temple:   regret_index_temple_mists
Lair:1:   infiniplex_staircase_pool_2
Lair:2:   serial_bayou_ford_a, minmay_another_anthill, lemuel_fruit_tree,
          uniq_urug
Lair:3:   minmay_swamp_entry_reptiles, nicolae_spider_entry_orb_guardian,
          beast_lair_carwin_1, uniq_nergalle
Lair:4:   uniq_harold
Lair:5:   special_room, small_statue_intersection, grunt_megastairs_5
Lair:6:   evil_forest, slime_altar_1
Swamp:1:  hangedman_swamp_ruin_wall, uniq_nikola
Swamp:2:  nicolae_swamp_stair_fork, swamp_pool5
Swamp:3:  cheibrodos_swamp_tower_of_moss, serial_swamp_ruin,
          evilmike_swamp_ruin_house_6, evilmike_swamp_ruin_house_3,
          evilmike_swamp_ruin_rubble_1, swamp_pool1
Swamp:4:  swamp_old_school, nicolae_swamp_godswood, swamp_pool4
Spider:2: nicolae_spider_stair_cavern
Spider:3: einodemon_crawler_minivault
Spider:4: grunt_spider_rune_island, spider_trap
Orc:1:    mines5_lemuel, uniq_snorg, uniq_josephine
Orc:2:    st_orc_pillars
Elf:1:    eino_elf_arrival_the_gate, nicolae_trove_entry_free_sample,
          kennysheep_underground_church, uniq_frances
Elf:2:    uniq_saint_roka
Elf:3:    elf_hall
Vaults:1: hangedman_vaults_capsules, v_misc_24, hangedman_vaults_restitches,
          vaults_dpeg_diagonal, v_misc_24, st_more_cells,
          hangedman_vaults_impose, nicolae_vaults_three_branches,
          nicolae_vaults_little_squares_6, nicolae_vaults_little_squares_1,
          vaults_mumra_chevron
Vaults:2: nicolae_vaults_mini_display_case, st_greater_box_5,
          grunt_vaults_diagonal, vaults_room_ringed_pool,
          vaults_standard_mumra_enter_the_diamond,
          ontoclasm_vaults_loading_screen
Lab:      labyrinth_spiral

Skill      XL: |  1  2  3  4  5  6  7  8  9 10 11 12 13 14 15 16 17 18 19 20 21 |
---------------+----------------------------------------------------------------+-----
Shields        | 4 5 6 8 9 10 11 12 13 14 15 | 15.5
Axes           | 3 4 5 6 9 10 11 12 13 14 16 17 18 19 | 19.3
Armour         | 4 5 6 7 8 9 10 11 17 19 | 19.0
Dodging        | 1 2 3 4 5 6 |  6.2
Fighting       | 4 6 7 8 9 10 11 12 13 | 13.1
Invocations    | 1 5 7 8 10 11 12 13 14 15 | 15.1
Stealth        | 3 6 7 9 10 11 12 13 14 15 | 15.2
Evocations     | 1 5 6 |  6.1
Maces & Flails | |  0.6

Action                   |  1- 3 |  4- 6 |  7- 9 | 10-12 | 13-15 | 16-18 | 19-21 || total
-------------------------+-------+-------+-------+-------+-------+-------+-------++-------
Melee: War axe           |    91 |   217 |   405 |   784 |       |       |       ||  1497
       Broad axe         |       |       |       |       |   965 |  1074 |   244 ||  2283
       Flail             |       |       |       |       |       |    47 |   144 ||   191
       Battleaxe         |       |       |       |       |       |       |   432 ||   432
Invok: Stomp             |       |       |     2 |    15 |     5 |    25 |     7 ||    54
       Line Pass         |       |       |       |       |       |     2 |     3 ||     5
       Grand Finale      |       |       |       |       |       |     2 |       ||     2
 Abil: Dig               |     1 |     1 |     6 |    18 |     2 |     8 |     5 ||    41
       Shaft Self        |       |       |     1 |       |       |       |       ||     1
Evoke: Wand              |       |       |       |    12 |       |       |       ||    12
       Rod               |       |       |       |       |       |     1 |       ||     1
  Use: Scroll            |       |     1 |    10 |    12 |    18 |    12 |     8 ||    61
       Potion            |       |       |     1 |     4 |     3 |     2 |    10 ||    20
 Stab: Paralysed         |       |       |     9 |    67 |    91 |   138 |    91 ||   396
       Invisible         |       |       |       |     1 |       |       |     9 ||    10
       Petrified         |       |       |       |     1 |       |       |       ||     1
       Sleeping          |       |       |       |       |    25 |     9 |    10 ||    44
       Distracted        |       |       |       |       |     2 |     7 |     3 ||    12
  Eat: Chunk             |       |     7 |    15 |    24 |    26 |    22 |    10 ||   104
       Pizza             |       |       |       |     1 |       |     2 |     2 ||     5
       Fruit             |       |       |       |     1 |       |       |     3 ||     4
       Royal jelly       |       |       |       |       |     1 |       |     1 ||     2
       Beef jerky        |       |       |       |       |     1 |       |       ||     1
       Meat ration       |       |       |       |       |       |     1 |     2 ||     3
Armor: Scale mail        |    48 |   102 |    84 |       |       |       |       ||   234
       Plate armour      |       |       |    84 |   285 |       |       |       ||   369
       Storm dragon armo |       |       |       |       |   315 |   332 |   255 ||   902
Dodge: Dodged            |    44 |    82 |   118 |   182 |   254 |   259 |   257 ||  1196
Block: Shield            |    46 |   143 |   215 |   471 |   656 |   926 |   608 ||  3065
       Reflection        |       |       |       |     7 |    22 |    51 |    46 ||   126
